 Dungeon Crawl Stone Soup version 0.29.1-15-g9cfb28693d (webtiles) character file.

Game seed: 14839235864216940634

476 cowcol the Chopper (level 6, -3/51 HPs)
             Began as a Minotaur Fighter on Apr 4, 2023.
             Killed from afar by Ijyb (19 damage)
             ... with a bolt of light
             ... on level 4 of the Dungeon.
             The game lasted 00:09:24 (4403 turns).

cowcol the Chopper (Minotaur Fighter)               Turns: 4403, Time: 00:09:24

Health: -3/51      AC: 11    Str: 21    XL:     6   Next: 85%
Magic:  5/5        EV:  7    Int:  5    God:
Gold:   194        SH:  4    Dex: 11    Spells: 5/5 levels left

rFire   . . .      SeeInvis +   a - +0 war axe
rCold   . . .      Faith    .   c - +0 buckler
rNeg    . . .      Spirit   .   w - +0 chain mail
rPois   .          Reflect  .   n - +0 hat
rElec   .          Harm     .   j - +0 cloak
rCorr   +          Rampage  .   (no gloves)
Will    .....                   (no boots)
Stlth   ..........              (no amulet)
HPRegen 0.17/turn               o - ring of resist corrosion
MPRegen 0.09/turn               m - ring of see invisible

@: mighty
A: horns 2, retaliatory headbutt
a: no special abilities


You were on level 4 of the Dungeon.
You visited 1 branch of the dungeon, and saw 4 of its levels.

You collected 194 gold pieces.

Inventory:

Hand Weapons
 a - a +0 war axe (weapon)
Missiles
 s - 3 poisoned darts (quivered)
Armour
 b - a +0 scale mail
 c - a +0 buckler (worn)
 j - a +0 cloak (worn)
 n - a +0 hat (worn)
 u - a +3 ring mail
 w - a +0 chain mail (worn)
Jewellery
 k - a ring of fire
 m - a ring of see invisible (right hand)
 o - a ring of resist corrosion (left hand)
 x - a ring of willpower
Scrolls
 f - a scroll of brand weapon
 i - 2 scrolls of teleportation
 l - a scroll of poison
 p - 2 scrolls of butterflies {unknown}
 r - a scroll of enchant armour {unknown}
 t - 2 scrolls of immolation {unknown}
 y - 3 scrolls of identify
Potions
 d - a potion of might
 e - a potion of magic {unknown}
 g - 3 potions of curing
 h - a potion of degeneration {unknown}
 q - a potion of lignification
 v - a potion of cancellation {unknown}
 z - a potion of heal wounds {unknown}
 A - a potion of haste {unknown}


   Skills:
 - Level 3.6 Fighting
 + Level 7.0 Axes
 + Level 0.3 Throwing
 + Level 6.5 Armour
 - Level 3.6 Shields


You had 5 spell levels left.
You didn't know any spells.
Your spell library contained the following spells:

 Spells                   Type           Power      Damage    Failure   Level
 Sandblast                Erth           0%         2d4       99%         1
 Passwall                 Tmut/Erth      0%         N/A       100%        2
 Stone Arrow              Conj/Erth      0%         3d7       100%        3
 Summon Guardian Golem    Hex/Summ       0%         N/A       100%        3
 Orb of Destruction       Conj           0%         9d5       100%        7
 Spellforged Servitor     Conj/Summ      0%         N/A       100%        7


Dungeon Overview and Level Annotations

Branches:
Dungeon (4/15)
 Temple: D:4-7

Altars:
Trog
Yredelemnul

Annotations:
D:3 2 transporters, GasterBasher's ghost, weakling DrTm
D:4 Ijyb


Innate Abilities, Weirdness & Mutations

You have a pair of horns on your head.
You reflexively headbutt those who attack you in melee.


Message History

Things that are here:
a +0 club; a stone; a kobold corpse You open the door.
There is an open door here.
Ijyb the Twisted Goblin comes into view.
She is wielding a +0 club and carrying a wand of light (6).
Ijyb shouts!
Ijyb zaps a wand.
The bolt of light hits you!
You are confused.
You are too confused!
You feel very mighty all of a sudden.
You closely miss Ijyb.
You feel less confused. Ijyb hits you with a +0 club.
You hit Ijyb.
Ijyb is moderately wounded.
Ijyb hits you with a +0 club.
You closely miss Ijyb. Your headbutt misses Ijyb.
Ijyb is moderately wounded.
Ijyb completely misses you.
You closely miss Ijyb. Your headbutt misses Ijyb.
Ijyb is moderately wounded.
Ijyb zaps a wand.
The bolt of light hits you.
You hit Ijyb. You headbutt Ijyb.
Ijyb is heavily wounded.
Ijyb hits you with a +0 club.
Ijyb zaps a wand.
The bolt of light hits you.
You closely miss Ijyb.
Ijyb is heavily wounded.
You block Ijyb's attack.
You miss Ijyb. Your headbutt misses Ijyb.
Ijyb is heavily wounded.
Ijyb hits you but does no damage.
Unknown command.
You barely miss Ijyb.
Ijyb is heavily wounded.
Ijyb hits you with a +0 club.
* * * LOW HITPOINT WARNING * * *
You closely miss Ijyb.
Ijyb is heavily wounded.
Ijyb zaps a wand.
The bolt of light hits you!!
You die...

#.....#....#.............#.......
#.....'....#.............#.......
###'########.............####+##+
............#+########...........
............#........#...........
............#........#...........
............#........#...........
............#........#...........
............#...@g...#...........
............#...##...#...........
............#...# ..######......
............###'## ... #######
###########..)...# ... #..)...
.....# #......+ .. #...... .....#
#......# . #...... .....#
#......# #...... .....# .'......#
#######


You could see Ijyb.

Vanquished Creatures
  A black bear (D:4)
  An orc priest (D:3)
  A gnoll bouda (D:4)
  A jelly (D:4)
  An iguana (D:4)
  An orc wizard (D:3)
  12 gnolls
  5 adders
  2 dart slugs (D:1)
  5 orcs (D:3)
  2 ball pythons
  8 endoplasms
  7 giant cockroaches
  10 goblins
  5 hobgoblins
  4 jackals (D:3)
  5 quokkas
  3 bats
  A frilled lizard (D:2)
  11 kobolds
  6 rats
92 creatures vanquished.

Notes
Turn   | Place    | Note
-------+----------+-------------------------------------------
     0 | D:1      | cowcol the Minotaur Fighter began the quest for the Orb.
     0 | D:1      | Reached XP level 1. HP: 19/19 MP: 0/0
    77 | D:1      | Reached XP level 2. HP: 21/26 MP: 1/1
   229 | D:1      | Reached skill level 3 in Axes
   394 | D:1      | Reached XP level 3. HP: 25/31 MP: 2/2
   588 | D:1      | Found a faded altar of an unknown god.
  1369 | D:2      | Reached skill level 4 in Axes
  1922 | D:2      | Reached XP level 4. HP: 39/39 MP: 3/3
  1941 | D:2      | Reached skill level 5 in Armour
  2505 | D:3      | Reached skill level 5 in Axes
  2507 | D:3      | Reached XP level 5. HP: 20/45 MP: 4/4
  2698 | D:3      | Noticed GasterBasher's ghost (weakling DrTm)
  2700 | D:3      | Found a transporter.
  2706 | D:3      | Found a transporter.
  2882 | D:3      | Reached skill level 6 in Axes
  3645 | D:4      | Reached XP level 6. HP: 39/51 MP: 5/5
  3741 | D:4      | Found a basalt altar of Yredelemnul.
  3745 | D:4      | Found a bloodstained altar of Trog.
  4096 | D:4      | Reached skill level 7 in Axes
  4391 | D:4      | Noticed Ijyb
  4403 | D:4      | Killed from afar by Ijyb

Illustrated notes

Levels and vault maps discovered:
D:1:      erik_arrival_triangle_medium, layout_basic,
          hellmonk_ecumenical_altar_inner_sanctum
D:2:      layout_loops_ring, minmay_misc_feat_enclosed, grunt_ministairs_6,
          minmay_tromino_i2
D:3:      layout_loops_ring, gammafunk_ghost_mausoleum,
          kennysheep_generic_room_16
D:4:      layout_gridville, grunt_temple_overflow_open, uniq_ijyb

Skill      XL: |  1  2  3  4  5  6 |
---------------+-------------------+-----
Armour         | 4 5 6 |  6.5
Axes           | 3 4 5 6 7 |  7.0
Fighting       | |  3.6
Throwing       | |  0.3
Shields        | |  3.6

Action                   |  1- 3 |  4- 6 || total
-------------------------+-------+-------++-------
Melee: War axe           |    85 |   124 ||   209
       Headbutt          |    14 |    17 ||    31
Throw: Dart              |       |     9 ||     9
  Use: Scroll            |     3 |       ||     3
       Potion            |     2 |     4 ||     6
Armor: Scale mail        |    35 |    27 ||    62
       Chain mail        |       |    20 ||    20
       Ring mail         |       |     5 ||     5
Dodge: Dodged            |    27 |    50 ||    77
Block: Buckler           |    29 |    37 ||    66
